 Dungeon Crawl Stone Soup version 0.20.1-1-g8b1a95d (webtiles) character file.

53 letownia2 the Grave Robber (level 3, -2/28 HPs)
             Began as a Deep Dwarf Necromancer on Dec 8, 2017.
             Slain by a gnoll
             ... wielding a +0 spear
              (10 damage)
             ... on level 3 of the Dungeon.
             The game lasted 00:03:06 (749 turns).

letownia2 the Grave Robber (Deep Dwarf Necromancer)  Turns: 749, Time: 00:03:07

Health: -2/28      AC:  2    Str: 11    XL:     3   Next: 64%
Magic:  6/6        EV: 12    Int: 16    God:
Gold:   27         SH:  0    Dex: 13    Spells: 2/6 levels left

rFire    . . .     SeeInvis .   (no weapon)
rCold    . . .     Gourm    .   (no shield)
rNeg     . . .     Faith    .   a - +0 robe
rPois    .         Spirit   .   (no helmet)
rElec    .         Reflect  .   (no cloak)
rCorr    +         Harm     .   (no gloves)
MR       .....                  (no boots)
Stlth    ++........             (no amulet)
Regen    0.0/turn               d - ring of resist corrosion
MPRegen  0.1/turn               (no ring)

@: non-regenerating
A: damage resistance, heal wounds, sense surroundings 1, no regeneration
a: Heal Wounds


You were on level 3 of the Dungeon.
You were not hungry.

You visited 1 branch of the dungeon, and saw 3 of its levels.

You collected 27 gold pieces.

Inventory:

Missiles
 f - 5 poisoned needles
Armour
 a - a +0 robe (worn)
Jewellery
 d - a ring of resist corrosion (left hand)
Scrolls
 e - a scroll of fear {unknown}
 g - a scroll of remove curse {unknown}
Potions
 i - a potion of flight {unknown}
Books
 b - a book of Necromancy

   Spells                             Type                      Level
   a - Pain                           Necromancy                   1
   b - Animate Skeleton               Necromancy                   1
   c - Vampiric Draining              Necromancy                   3
   d - Regeneration                   Charms/Necromancy            3
   e - Animate Dead                   Necromancy                   4
   f - Control Undead                 Necromancy                   4
Comestibles
 c - 2 bread rations
 h - 2 chunks of flesh


   Skills:
 - Level 2.1 Dodging
 - Level 2.4 Stealth
 - Level 2.1 Spellcasting
 + Level 5.7 Necromancy


You had 2 spell levels left.
You knew the following spells:

 Your Spells              Type           Power        Failure   Level  Hunger
a - Pain                  Necr           ###.         1%          1    #......
v - Vampiric Draining     Necr           ###.......   6%          3    ###....


Dungeon Overview and Level Annotations

Branches:
Dungeon (3/15)

Altars:


Innate Abilities, Weirdness & Mutations

You are resistant to damage.
You can heal yourself by infusing magical energy.
You passively map a small area around you.
You do not regenerate.


Message History

Unknown command.
Casting: Vampiric Draining
Confirm with . or Enter, or press ? or * to list all spells.
Aiming: Vampiric Draining
Press: ? - help, Shift-Dir - straight line, f/p - gnoll
Aim: a gnoll, wielding a halberd (severely wounded)
You kill the gnoll!
You feel life coursing into your body.
Unknown command.
Unknown command.
You see here a hobgoblin skeleton.
There is a stone staircase leading down here.
You start resting.
Magic restored.
Unknown command.
Unknown command.
You climb downwards.
The gnoll hits you with a spear.
* * * LOW HITPOINT WARNING * * *
The gnoll hits you with a spear!
You die...

................#
..............#.#
................#
,gg..?...†....###
,.>......gg.g†..####
...........#.#....######
*
..........##.####......#*
#.#.#.#.###÷.#
######..... *
#...#..g@.## * ,..w *,
#.. #....## ,, **# , #..
#....# , ** ,## #....# *
, , #....# , #....# ** *
* #....# * , , * #....# *
**


You could see a gnoll.

Vanquished Creatures
  2 gnolls (D:2)
  2 adders
  2 leopard geckos
  A giant cockroach (D:3)
  2 hobgoblins
  2 kobolds
  A quokka (D:2)
  A frilled lizard (D:1)
  2 rats (D:1)
15 creatures vanquished.

Notes
Turn   | Place    | Note
-------+----------+-------------------------------------------
     0 | D:1      | letownia2 the Deep Dwarf Necromancer began the quest for the Orb.
     0 | D:1      | Reached XP level 1. HP: 15/15 MP: 3/3
   217 | D:3      | Reached XP level 2. HP: 22/22 MP: 1/5
   317 | D:3      | Reached skill level 5 in Necromancy
   387 | D:2      | Reached XP level 3. HP: 14/28 MP: 0/6
   411 | D:2      | Learned a level 3 spell: Vampiric Draining
   628 | D:2      | HP: 1/28 [leopard gecko (1)]
   749 | D:3      | Slain by a gnoll

Skill      XL: |  1  2 |
---------------+-------+-----
Spellcasting   | 2 |  2.1
Necromancy     | 5 |  5.7
Dodging        | |  2.1
Stealth        | |  2.4

Action                   || total
-------------------------++-------
Melee: Unarmed           ||     4
 Cast: Pain              ||    31
       Vampiric Draining ||     6
  Eat: Chunk             ||     1
Armor: Robe              ||     8
Dodge: Dodged            ||    28
